 Dungeon Crawl Stone Soup version 0.17-a0-1760-ga6756ae (webtiles) character file.

10 Technomancer the Skirmisher (level 2, 0/25 HPs)
             Began as a Minotaur Wanderer on Sept 3, 2015.
             Was an Initiate of Cheibriados.
             Slain by a giant newt (2 damage)
             ... on level 2 of the Dungeon.
             The game lasted 00:03:14 (1214 turns).

Technomancer the Skirmisher (Minotaur Wanderer)     Turns: 1214, Time: 00:03:14

Health: 0/25       AC:  5    Str: 16    XL:     2   Next: 10%
Magic:  3/3        EV: 10    Int: 12    God:    Cheibriados [......]
Gold:   7          SH:  0    Dex:  9    Spells: 0 memorised, 4 levels left

rFire  . . .     SeeInvis .     d - +0 club
rCold  . . .     Clarity  .     b - +0 ring mail
rNeg   . . .     SustAt   .     (no shield)
rPois  .         Gourm    .     (helmet restricted)
rElec  .         Spirit   .     (no cloak)
rCorr  .         Warding  .     (no gloves)
rMut   .         Stasis   .     (no boots)
MR     .....                    (no amulet)
Stlth  +.........               (no ring)
                                (no ring)

@: slow, not resistant to hostile enchantments, very unstealthy
A: retaliatory headbutt, horns 2
a: Bend Time, Renounce Religion


You were on level 2 of the Dungeon.
You worshipped Cheibriados.
Cheibriados was noncommittal.
You were hungry.

You visited 1 branch of the dungeon, and saw 2 of its levels.

You collected 7 gold pieces.

Inventory:

Hand weapons
 d - a +0 club (weapon)
Armour
 b - a +0 ring mail (worn)
Scrolls
 h - a scroll of identify {unknown}
 i - a scroll of enchant weapon {unknown}
 k - a scroll of amnesia {unknown}
Potions
 c - a potion of lignification
 j - a potion of mutation {unknown}
 l - a potion of poison {unknown}
Books
 a - a book of Frost

   Spells                             Type                      Level
   a - Freeze                         Ice                          1
   b - Throw Frost                    Conjuration/Ice              2
   c - Ozocubu's Armour               Charms/Ice                   3
   d - Throw Icicle                   Conjuration/Ice              4
   e - Summon Ice Beast               Ice/Summoning                4
   f - Condensation Shield            Ice                          4
Comestibles
 e - a bread ration
 f - 2 meat rations
 g - a fruit


   Skills:
 + Level 2.8 Fighting
   Level 1.1 Crossbows
 + Level 0.5 Armour
 + Level 1.1 Stealth
   Level 1.2 Shields
 + Level 1.5 Spellcasting
   Level 2.1 Ice Magic


You had 4 spell levels left.
You didn't know any spells.

Dungeon Overview and Level Annotations

Branches:
Dungeon (2/15)

Altars:
Cheibriados


Innate Abilities, Weirdness & Mutations

You reflexively headbutt those who attack you in melee.
You have a pair of horns on your head.


Message History

You headbutt the bat.
You kill the bat!
Cheibriados thoroughly appreciates the change of pace.
You see here a giant gecko corpse.
There is an open door here.
A hobgoblin comes into view. It is wielding a club.
The hobgoblin shouts!
A giant newt and a kobold come into view.
The kobold shouts!
You see here a glowing grey potion.
l - a glowing grey potion You barely miss the hobgoblin.
Your headbutt misses the hobgoblin. The hobgoblin hits you with a club. x2
Your ring mail prevents you from hitting the hobgoblin.
The hobgoblin hits you with a club.
* * * LOW HITPOINT WARNING * * *
You hit the hobgoblin but do no damage. The hobgoblin hits you with a club.
* * * LOW HITPOINT WARNING * * *
The giant newt bites you.
You die...

######## ######
##......##### .....##
.<..†.......#####.......
##..........##..@g......
#..........##.Kl.......
..#####....†#....###...#
..#........†'..........#
..#......####.......l. #
..#......# ...........
.....###.# ##.....>....
###. #.# ..####..... .
#.# ...# .#.#.


You could see a hobgoblin, a kobold and a giant newt.

Vanquished Creatures
  2 giant geckos
  A ball python (D:2)
  A bat (D:2)
  A goblin (D:1)
  A quokka (D:2)
  A kobold (D:1)
  2 rats (D:1)
9 creatures vanquished.

Vanquished Creatures (others)
  An adder (D:2)
1 creature vanquished.

Grand Total: 10 creatures vanquished

Notes
Turn   | Place    | Note
--------------------------------------------------------------
     0 | D:1      | Technomancer the Minotaur Wanderer began the quest for the Orb.
     0 | D:1      | Technomancer set off with: a book of Frost, a +0 ring mail, a potion of lignification, a +0 club, a bread ration
     0 | D:1      | Reached XP level 1. HP: 18/18 MP: 1/1
  1149 | D:1      | Found a snail-covered altar of Cheibriados.
  1155 | D:1      | Became a worshipper of Cheibriados the Contemplative
  1201 | D:2      | Reached XP level 2. HP: 13/25 MP: 3/3
  1214 | D:2      | Slain by a giant newt

Vault maps used:
D:1:      dpeg_arrival_signposts, cheibriados_altar_1
D:2:      fiery_altar_vehumet, kiku_gazebo_pond_becter, uniq_natasha

Action                   || total
-------------------------++-------
Melee: Club              ||    36
